Map: Acropolis LE

Players

Plagueis - Winner!

  • Race: Protoss Protoss
  • League: Platinum
  • Spawn Location: 5:00

Smeeeger

  • Race: Zerg Zerg
  • League: Platinum
  • Spawn Location: 11:00

VOD

Have the link to the VOD?

Description

Time

  • Played on: July 24, 2019, 7:27 a.m.
  • Length: 9:34
Show
View Real Time Build Order
Export as new Build Order

Plagueis Protoss - Winner!

Build Orders: 1 Gate Expand, Chargelot Immortal 

Get SALT Encoding   

  12  0:01  Probe  
  13  0:13  Probe  
  14  0:20  Pylon  
  14  0:25  Probe  
  15  0:35  Probe  
  16  0:43  Probe  
  16  0:46  Gateway  
  17  0:51  Assimilator  
  17  0:53  Probe  
  18  1:05  Probe, Pylon  
  19  1:14  Probe  
  20  1:22  Probe  
  21  1:35  Nexus  
  21  1:37  Probe  
  22  1:45  Cybernetics Core  
  22  1:50  Probe  
  23  1:55  Pylon  
  23  2:01  Assimilator  
  23  2:10  Probe  
  24  2:18  Probe  
  24  2:22  Adept  
  27  2:23  Warp Gate  
  27  2:27  Probe  
  28  2:37  Stargate  
  28  2:40  Shield Battery  
  28  2:41  Probe  
  29  2:47  Probe  
  30  2:54  Probe  
  30  2:55  Probe  
  31  3:01  Sentry  
  31  3:05  Probe  
  34  3:06  Probe  
  36  3:13  Probe  
  36  3:18  Probe  
  38  3:20  Void Ray  
  38  3:21  Probe  
  43  3:28  Gateway  
  43  3:30  Probe  
  44  3:34  Pylon  
  44  3:35  Assimilator  
  44  3:39  Assimilator  
  44  3:41  Probe  
  45  3:47  Twilight Council  
  45  3:48  Probe  
  45  3:52  Adept  
  45  3:53  Probe  
  49  3:59  Pylon  
  49  4:01  Probe x2  
  50  4:09  Probe  
  51  4:13  Probe  
  51  4:14  Charge  
  53  4:20  Probe  
  54  4:25  Probe  
  55  4:32  Probe  
  55  4:33  Gateway  
  55  4:34  Gateway  
  55  4:38  Probe, Pylon  
  57  4:43  Pylon  
  57  4:44  Probe, Void Ray  
  62  4:57  Sentry  
  62  4:58  Adept  
  66  5:11  Probe  
  66  5:12  Probe  
  68  5:16  Pylon  
  68  5:21  Nexus  
  68  5:22  Pylon  
  68  5:25  Pylon  
  68  5:39  Probe  
  68  5:42  Void Ray  
  73  5:43  Zealot x3  
  79  5:50  Robotics Facility  
  79  5:55  Robotics Facility  
  79  5:58  Probe x2  
  81  6:05  Forge  
  81  6:11  Probe x2  
  81  6:14  Zealot x3  
  81  6:15  Zealot  
  91  6:21  Protoss Air Weapons Level 1  
  85  6:27  Immortal, Void Ray  
  89  6:35  Probe x2  
  89  6:39  Immortal  
  95  6:46  Probe  
  99  6:48  Probe x2  
  99  6:54  Photon Cannon  
  102  7:00  Gateway x2, Probe  
  103  7:09  Gateway  
  103  7:11  Pylon  
  103  7:15  Gateway  
  103  7:17  Gateway  
  103  7:18  Probe  
  103  7:22  Assimilator  
  104  7:24  Assimilator  
  104  7:25  Immortal  
  104  7:26  Photon Cannon  
  104  7:28  Immortal  
  112  7:40  Robotics Bay  
  112  7:43  Dark Shrine  
  111  7:45  Probe x2  
  113  7:57  Pylon x2  
  113  7:59  Pylon  
  113  8:04  Photon Cannon  
  113  8:06  Immortal  
  113  8:09  Immortal  
  121  8:15  Void Ray  
  121  8:18  Probe x2  
  119  8:29  Zealot x4  
  119  8:30  Zealot x3  
  119  8:33  Sentry  
  125  9:07  Zealot  
  125  9:08  Zealot x4  
  125  9:09  Zealot x3  
Show
View Real Time Build Order
Export as new Build Order

Smeeeger Zerg 

Build Orders: Hatch First 

Get SALT Encoding   

  12  0:02  Drone  
  13  0:14  Overlord  
  13  0:20  Drone  
  14  0:34  Drone  
  14  0:35  Drone  
  16  0:44  Drone  
  17  0:50  Drone  
  18  1:04  Drone  
  19  1:18  Hatchery  
  18  1:19  Extractor  
  18  1:20  Drone  
  18  1:25  Drone  
  18  1:29  Spawning Pool  
  18  1:37  Drone  
  19  1:45  Overlord  
  19  2:14  Drone x3  
  22  2:17  Queen  
  24  2:25  Metabolic Boost  
  24  2:30  Queen  
  26  2:39  Drone x2  
  28  2:55  Hatchery  
  28  2:58  Drone x3  
  30  3:02  Overlord  
  30  3:09  Drone  
  30  3:10  Roach Warren  
  30  3:13  Drone x2  
  30  3:14  Drone  
  34  3:27  Drone  
  34  3:30  Spore Crawler  
  34  3:32  Spore Crawler  
  32  3:34  Drone  
  32  3:36  Drone x3  
  32  3:37  Drone  
  32  3:41  Queen  
  37  3:42  Queen  
  37  3:47  Overlord  
  41  3:55  Evolution Chamber  
  41  3:57  Drone x2  
  41  3:58  Drone  
  41  4:00  Zergling x2  
  44  4:10  Queen  
  44  4:14  Overlord, Extractor  
  44  4:15  Zergling x6  
  44  4:16  Zergling x4, Extractor  
  49  4:18  Drone  
  50  4:27  Zerg Missile Weapons Level 1  
  50  4:31  Drone  
  50  4:34  Drone x3  
  50  4:35  Drone x2  
  56  4:47  Drone x2  
  56  4:48  Drone x3  
  56  4:51  Spore Crawler  
  56  4:52  Drone x5  
  65  5:14  Lair  
  65  5:21  Drone  
  66  5:24  Overlord x3  
  66  5:39  Overlord x2  
  66  5:40  Overlord x2  
  66  5:46  Roach x8  
  82  6:01  Roach x7  
  96  6:07  Drone x5  
  101  6:13  Pneumatized Carapace  
  101  6:27  Roach x2  
  101  6:28  Roach x2  
  109  6:39  Drone x4  
  113  6:40  Overlord x2  
  113  6:44  Glial Reconstitution  
  113  7:03  Extractor  
  113  7:04  Extractor  
  113  7:08  Roach x4, Hydralisk Den  
  118  7:16  Drone x2  
  118  7:17  Drone x2  
  118  7:18  Drone  
  123  7:27  Ravager  
  123  7:29  Ravager  
  125  7:33  Zergling x10  
  125  7:34  Hatchery, Zergling x2  
  125  7:36  Overlord x5  
  125  7:37  Overlord  
  130  7:59  Ravager x2  
  130  8:00  Ravager x2  
  130  8:03  Extractor  
  133  8:07  Muscular Augments  
  89  8:38  Hydralisk x6  
  89  8:39  Hydralisk x2  
  99  8:42  Drone x15  
  112  8:53  Queen  
  114  8:58  Hydralisk x3  
  115  9:05  Zergling x6  
  115  9:06  Zergling x4  
Tags
 
Add a new tag
Caveats
  • Supply blocks, unpowered buildings, or Contaminate may cause inaccurate times.
  • Supply counts are checked every 10 seconds.